Map: Ultralove

Players

llllllllllll - Winner!

  • Race: Protoss Protoss
  • League: Diamond
  • Spawn Location: 1:00

llllllllllll

  • Race: Terran Terran
  • League: Diamond
  • Spawn Location: 7:00

VOD

Have the link to the VOD?

Description

Time

  • Played on: April 25, 2025, 9:40 a.m.
  • Length: 6:09
Show
View Real Time Build Order
Export as new Build Order

llllllllllll Protoss - Winner!

Build Orders:  

Get SALT Encoding   

  12  0:00  Probe  
  13  0:12  Probe  
  14  0:18  Pylon  
  14  0:24  Probe  
  15  0:38  Gateway  
  15  0:41  Assimilator  
  15  0:48  Pylon  
  15  1:10  Gateway x2  
  15  1:25  Cybernetics Core  
  15  1:30  Probe  
  16  1:43  Probe  
  17  1:50  Stalker x2  
  21  2:15  Stalker  
  21  2:16  Stalker  
  25  2:28  Warp Gate, Probe  
  26  2:40  Probe  
  26  2:43  Assimilator  
  27  2:52  Probe  
  27  2:53  Pylon  
  28  3:04  Probe  
  29  3:19  Probe  
  22  3:24  Pylon  
  22  3:29  Stargate  
  22  3:31  Probe  
  23  3:51  Gateway  
  23  4:08  Void Ray  
  23  4:16  Stalker x2  
  31  4:17  Zealot  
  33  4:29  Pylon  
  33  4:48  Shield Battery  
  33  4:49  Void Ray  
  33  4:50  Shield Battery  
  37  4:53  Shield Battery  
  37  4:57  Shield Battery  
  37  5:04  Shield Battery  
  37  5:24  Void Ray  
  41  5:42  Stalker x3  
  45  5:50  Pylon  
Show
View Real Time Build Order
Export as new Build Order

llllllllllll Terran 

Build Orders: Reaper Expand 

Get SALT Encoding   

  12  0:00  SCV  
  13  0:12  SCV  
  14  0:17  Supply Depot  
  14  0:24  SCV  
  15  0:38  SCV  
  15  0:39  Barracks  
  16  0:43  Refinery  
  16  0:50  SCV  
  17  1:02  SCV  
  18  1:15  SCV  
  19  1:28  Orbital Command, Reaper  
  20  1:42  Command Center  
  20  1:54  SCV  
  20  1:55  Supply Depot  
  20  2:00  Marine  
  22  2:14  Bunker  
  22  2:18  Marine  
  23  2:23  Command Center, Bunker  
  23  2:29  SCV, Refinery  
  23  2:37  Marine  
  21  2:53  SCV, Factory  
  21  3:11  Marine  
  18  3:23  SCV  
  19  3:29  Barracks Tech Lab  
  19  3:36  SCV  
  22  3:48  SCV  
  23  3:50  Orbital Command  
  21  4:04  SCV  
  21  4:08  Siege Tank  
  25  4:12  Marine  
  25  4:16  SCV  
  27  4:18  SCV  
  27  4:19  Starport  
  28  4:29  SCV  
  29  4:33  Marine  
  30  4:39  Barracks  
  30  4:40  Cyclone  
  30  4:45  SCV  
  34  4:46  SCV  
  35  4:54  Supply Depot  
  35  4:57  Starport Tech Lab, SCV  
  36  5:12  Barracks  
  36  5:15  Supply Depot  
  36  5:16  Supply Depot  
  36  5:27  Marine  
  35  5:35  SCV  
  36  5:57  Bunker  
Tags
 
Matchup
PvT
Replay Pack
kreditionep2
Spawn Locations
Cross Positions
Add a new tag
Caveats
  • Supply blocks, unpowered buildings, or Contaminate may cause inaccurate times.
  • Supply counts are checked every 10 seconds.